 Dungeon Crawl Stone Soup version 0.25-a0-869-g05d4e06a41 (webtiles) character file.

Game seed: 14187679320411684967, levelgen mode: deterministic

179428 Maedhros the Summoner (level 18, 0/126 (128) HPs)
             Began as an Octopode Chaos Knight on May 1, 2020.
             Was a Plaything of Xom.
             Hit by a silver javelin thrown by a merfolk javelineer (24 damage)
             ... on level 4 of the Shoals.
             The game lasted 01:07:59 (47656 turns).

Maedhros the Summoner (Octopode Chaos Knight)      Turns: 47656, Time: 01:07:59

HP:   0/126 (128)   AC:  3    Str: 13    XL:     18   Next: 23%
MP:   41/41         EV: 24    Int: 15    God:    Xom [.....*]
Gold: 1508          SH: 20    Dex: 23    Spells: 14/37 levels left

rFire    . . .     SeeInvis .   t - +7 trident (venom)
rCold    + + .     Gourm    .   n - +5 kite shield {reflect}
rNeg     . . .     Faith    .   Q - +2 hat
rPois    +         Spirit   .   b - amulet of regeneration
rElec    +         Reflect  +   o - ring of protection from magic
rCorr    .         Harm     .   U - ring of Egomania {Ice rPois MR+}
MR       +++++     Clarity  +   f - ring "Yxob" {rElec rPois MR+ Dex+4}
Stlth    ++++++....             y - ring of wizardry
HPRegen  1.11/turn              E - ring of magical power
MPRegen  0.27/turn              V - ring of protection from cold
                                Y - ring of wizardry
                                (no ring)

@: barbed spikes
A: almost no armour, stealthy swim, amphibious, 8 rings, constrict 8, antennae
1, tentacle spike 3, large bone plates 1, camouflage 1, agile 1, blink, clarity,
fire resistance 1, magic resistance 1, regeneration 1, wild magic 1, gelatinous
body 1
a: Blink, Renounce Religion


You were on level 4 of the Shoals.
You worshipped Xom.
You were Xom's teddy bear.
You were not hungry.

You visited 6 branches of the dungeon, and saw 32 of its levels.
You also visited: Ice Cave.

You collected 2999 gold pieces.
You spent 1491 gold pieces at shops.

Inventory:

Hand Weapons
 t - a +7 trident of venom (weapon)
Missiles
 r - 5 datura-tipped darts (quivered)
 K - 6 throwing nets
Armour
 n - a +5 kite shield of reflection (worn)
 B - the +3 warlock's mirror {reflect}
   (You bought it in a shop on level 2 of the Orcish Mines)
 Q - a +2 hat (worn)
Jewellery
 b - an amulet of regeneration (around mantle)
 f - the ring "Yxob" (on tentacle) {rElec rPois MR+ Dex+4}
   (You found it on level 15 of the Dungeon)

   [ring of poison resistance]

   It affects your dexterity (+4).
   It insulates you from electricity.
   It protects you from poison.
   It affects your resistance to hostile enchantments.
 o - a ring of protection from magic (left tentacle)
 s - an uncursed ring of protection from magic
 y - a ring of wizardry (on tentacle)
 E - a ring of magical power (on tentacle)
 N - an uncursed ring of fire
 U - the ring of Egomania (right tentacle) {Ice rPois MR+}
   (You took it off a frost giant in an ice cave)

   [ring of ice]

   It enhances your ice magic.
   It makes you vulnerable to fire.
   It protects you from cold.
   It protects you from poison.
   It affects your resistance to hostile enchantments.
 V - a ring of protection from cold (on tentacle)
 Y - a ring of wizardry (on tentacle)
Wands
 a - a wand of scattershot (2)
 p - a wand of flame (46)
 F - a wand of digging (7)
 I - a wand of paralysis (28)
 O - a wand of random effects (22)
 P - a wand of acid (1)
 T - a wand of clouds (2)
Scrolls
 c - 5 scrolls of enchant armour
 d - 6 scrolls of teleportation
 e - 4 scrolls of vulnerability
 g - a scroll of remove curse
 h - 7 scrolls of immolation
 i - 8 scrolls of magic mapping
 m - 2 scrolls of summoning
 w - 3 scrolls of fog
 H - 8 scrolls of identify
 R - a scroll of torment
 X - 2 scrolls of fear
Potions
 j - 2 potions of ambrosia
 q - 4 potions of flight
 u - a potion of berserk rage
 v - 4 potions of stabbing
 z - 5 potions of brilliance
 D - 3 potions of might
 G - 3 potions of mutation
 J - 6 potions of haste
 L - 2 potions of degeneration
 M - 3 potions of curing
 W - a potion of resistance
Comestibles
 k - 2 chunks of flesh
 A - 38 rations


   Skills:
 - Level 13.3 Fighting
 - Level 10.5 Polearms
 - Level 13.2 Dodging
 - Level 7.6 Stealth
 - Level 8.3 Shields
 + Level 10.1 Spellcasting
 * Level 13.5 Summonings
 * Level 13.5 Translocations
 - Level 8.3 Evocations


You had 14 spell levels left.
You knew the following spells:

 Your Spells              Type           Power        Failure   Level  Hunger
a - Malign Gateway        Summ/Tloc      ######....   24%         7    #######
b - Alistair's Intoxicat  Tmut/Pois      #.......     83%         5    #####..
c - Borgnjor's Vile Clut  Necr/Erth      #.........   83%         5    #####..
d - Apportation           Tloc           ######       1%          1    None
e - Summon Forest         Summ/Tloc      ######....   1%          5    #####..

Your spell library contained the following spells:

 Spells                   Type           Power        Failure   Level  Hunger
 Summon Butterflies       Summ           ######..     1%          1    None
 Lesser Beckoning         Tloc           ######....   1%          3    None
 Portal Projectile        Hex/Tloc       #####.       1%          3    None
 Recall                   Summ/Tloc      N/A          1%          3    None
 Aura of Abjuration       Summ           ######....   1%          5    #####..
 Summon Demon             Summ           ######....   1%          5    #####..
 Shadow Creatures         Summ           N/A          5%          6    ######.
 Beastly Appendage        Tmut           #.....       9%          1    None
 Corona                   Hex            #......      9%          1    None
 Sandblast                Erth           #.....       9%          1    None
 Passwall                 Tmut/Erth      #.......     13%         2    None
 Poisonous Vapours        Pois/Air       #.....       13%         2    None
 Slow                     Hex            #.......     13%         2    None
 Sticks to Snakes         Tmut           #.......     13%         2    None
 Summon Mana Viper        Hex/Summ       #####...     13%         5    #####..
 Conjure Flame            Conj/Fire      #.......     22%         3    None
 Inner Flame              Hex/Fire       #.......     22%         3    None
 Mephitic Cloud           Conj/Pois/Air  #.......     22%         3    None
 Spider Form              Tmut/Pois      #.........   22%         3    None
 Stone Arrow              Conj/Erth      #.....       22%         3    None
 Tukima's Dance           Hex            #.......     22%         3    None
 Summon Hydra             Summ           ######....   24%         7    #######
 Animate Dead             Necr           N/A          54%         4    ###....
 Cause Fear               Hex            #.........   54%         4    ###....
 Ice Form                 Ice/Tmut       ##......     54%         4    ###....
 Leda's Liquefaction      Hex/Erth       #.........   54%         4    ###....
 Petrify                  Tmut/Erth      #.......     54%         4    ###....
 Blade Hands              Tmut           #.........   83%         5    #####..
 Irradiate                Conj/Tmut      #.........   83%         5    #####..
 Lee's Rapid Deconstruct  Erth           #.........   83%         5    #####..
 Metabolic Englaciation   Hex/Ice        ##........   83%         5    #####..
 Spellforged Servitor     Conj/Summ      #####.....   96%         7    #######
 Death Channel            Necr           #.........   100%        6    ######.
 Freezing Cloud           Conj/Ice/Air   ##........   100%        6    ######.
 Hydra Form               Tmut           #.........   100%        6    ######.
 Invisibility             Hex            #.......     100%        6    ######.
 Ozocubu's Refrigeration  Ice            ##........   100%        6    ######.
 Simulacrum               Ice/Necr       ##........   100%        6    ######.
 Statue Form              Tmut/Erth      #........    100%        6    ######.
 Dragon Form              Tmut           #.........   100%        7    #######
 Ring of Flames           Chrm/Fire      #.........   100%        7    #######


Dungeon Overview and Level Annotations

Branches:
Dungeon (15/15)            Temple (1/1) D:4            Lair (6/6) D:8
 Shoals (4/4) Lair:3       Spider (4/4) Lair:4        Slime (0/5) Lair:5
    Orc (2/2) D:10            Elf (0/3) Orc:2        Vaults (0/5) D:14
 Depths (0/5) D:15          IceCv (visited)

Altars:
Cheibriados
Hepliaklqana
Kikubaaqudgha
Okawaru
Qazlal
Ru
Sif Muna
Vehumet
Xom
Yredelemnul
Zin
The Shining One
Jiyva

Shops:
D:4 (   D:7 *   D:8 *   D:9 (   Orc:2 :?:[   Shoals:3 **

Annotations:
Lair:2 1 runed translucent door, Oxowysi's ghost, journeyman DgAE


Innate Abilities, Weirdness & Mutations

You cannot wear most types of armour.
You are very stealthy in the water. (Stealth+)
You are amphibious.
You can wear up to eight rings at the same time.
You can use your tentacles to constrict eight enemies at once.
Your skin changes colour to match your surroundings (Stealth+).
Your rubbery body absorbs attacks. (AC +1, EV +1)
You have a pair of small antennae on your head.
One of your tentacles bears a large vicious spike.
You are partially covered in large bone plates. (SH +4)
You are agile. (Dex +2)
You can translocate small distances at will.
You possess an exceptional clarity of mind.
Your flesh is heat resistant. (rF+)
You are resistant to hostile enchantments. (MR+)
Your natural rate of healing is unusually fast.
Your spells are a little harder to cast, but a little more powerful.


Message History

Unknown command.
The barbs in your skin will harm you if you move.
Continue?
Okay, then.
The barbs in your skin will harm you if you move.
Continue?
Okay, then.
Okay, then.
You blink.
Floosh!
You feel slightly more hungry.
You start resting.
Eating one of 3 chunks of flesh.
You eat one of the 3 chunks of flesh.
This raw flesh tastes terrible.
A merfolk javelineer comes into view.
It is wielding a +0 spear and quivering 21 silver javelins.
Evoke which item? (* to show all) (? for menu, Esc to quit)
Okay, then.
As you read the scroll of fog, it crumbles to dust.
The scroll dissolves into smoke.
The merfolk javelineer throws a silver javelin.
The silver javelin pierces through you!!
You die...
Xom chortles!

≈≈≈≈≈≈≈≈≈≈≈≈≈≈≈≈≈≈≈≈≈≈≈≈≈≈≈≈≈≈≈≈≈
≈≈≈≈≈≈≈≈≈≈≈≈≈≈≈≈≈≈≈≈≈≈≈≈≈≈≈≈≈≈≈≈≈
≈≈≈≈≈≈≈≈≈≈≈≈≈≈≈≈≈≈≈≈≈≈≈≈≈≈≈≈≈≈≈≈≈
≈≈≈≈≈≈≈≈≈≈≈≈≈≈≈≈≈≈≈≈≈≈≈≈≈≈≈≈≈≈≈≈≈
≈≈≈≈≈≈≈≈≈≈≈≈≈≈≈≈≈≈≈≈≈≈≈≈≈≈≈≈≈≈≈≈≈
≈≈≈≈≈≈≈≈≈≈≈≈≈≈≈≈≈≈≈≈≈≈≈≈≈≈≈≈≈≈≈≈≈
≈≈≈≈≈≈≈≈≈≈≈≈≈≈≈§§≈≈≈≈≈≈≈≈≈≈≈≈≈≈≈≈
≈≈≈≈≈≈≈≈≈≈≈≈≈≈≈§§§≈≈≈≈≈≈≈≈≈≈≈≈≈÷≈
≈≈≈≈≈≈≈≈≈≈≈≈≈≈§§@§≈#####≈≈÷≈≈≈≈≈≈
≈≈≈≈≈≈≈≈≈≈≈§≈≈≈§§§##≈≈≈##≈≈≈≈≈≈≈≈
≈≈≈≈≈≈≈≈≈≈§≈≈≈§§≈≈#≈≈≈≈≈#≈≈≈≈≈≈≈≈
≈≈≈≈≈≈≈≈)§)†)≈≈(≈)'≈≈)≈≈#≈≈≈≈≈≈≈≈
≈≈≈≈≈≈≈§≈≈≈≈≈≈≈≈≈≈#≈≈≈≈≈#≈≈≈≈≈≈≈≈
≈≈≈≈≈≈§≈≈≈≈≈≈≈≈≈≈.##.≈≈##≈≈≈≈≈≈≈≈
≈≈≈≈≈Y≈≈≈≈≈≈≈≈≈≈...#####.≈≈≈≈≈≈≈≈
≈≈≈≈≈≈≈≈≈≈≈≈≈≈m..........≈≈≈≈≈≈≈≈
≈≈≈≈≈≈≈≈≈≈≈≈≈((............≈≈≈≈≈≈


You could see a merfolk javelineer.

Vanquished Creatures
  Saint Roka (Orc:2)
  Polyphemus (Shoals:4)
  A storm dragon (shapeshifter) (Spider:3)
  Kirke (Shoals:1)
  Ilsuiw (Shoals:3)
  Louise (Shoals:2)
  A frost giant (IceCv)
  Aizul (Shoals:2)
  An emperor scorpion (Spider:1)
  An entropy weaver (Spider:1)
  Azrael (Spider:2)
  Snorg (Orc:1)
  3 merfolk javelineers (Shoals:4)
  Josephine (Shoals:1)
  A slime creature (D:14)
  2 merfolk impalers
  A yaktaur captain (D:15)
  Harold (D:10)
  5 unseen horrors
  6 hydras
  3 ogre magi
  14 two-headed ogres
  A centaur warrior (D:15)
  3 satyrs
  3 merfolk avatars
  2 merfolk aquamancers
  6 death yaks
  A queen ant (Spider:1)
  2 deep trolls (Orc:2)
  A death drake (Shoals:4)
  4 sea snakes
  A wizard (D:15)
  A harpy (shapeshifter) (D:14)
  An orc knight (Orc:1)
  A lindwurm (Orc:1)
  14 harpies
  3 deep elf magi
  An oklob plant (Lair:1)
  10 wolf spiders
  8 orb spiders
  8 ugly things
  6 cyclopes
  15 fauns
  3 orc sorcerers
  10 elephants
  10 manticores
  14 merfolk sirens
  6 black mambas
  5 water nymphs
  3 gargoyles
  An eye of devastation (shapeshifter) (D:14)
  A torpor snail (Spider:4)
  9 spiny frogs
  Maggie (D:7)
  3 efreet (D:15)
  4 rime drakes
  5 komodo dragons
  10 demonic crawlers
  2 tengu conjurers
  A yaktaur (D:15)
  2 kobold demonologists (D:14)
  16 merfolk
  5 hornets
  5 wind drakes
  23 jumping spiders
  17 polar bears
  15 trolls
  15 dream sheep
  8 snapping turtles
  8 hippogriffs
  19 blink frogs
  Sigmund (D:2)
  A shadow (D:15)
  22 redbacks
  A vampire (D:13)
  12 spriggans (Lair:6)
  11 tarantellas
  8 water elementals
  3 large abominations (D:15)
  6 wraiths
  A hog (shapeshifter) (D:6)
  50 yaks
  2 wyverns
  3 basilisks
  3 hogs (Shoals:1)
  Grum (Lair:1)
  Menkaure (D:7)
  6 vampire mosquitoes
  A hungry ghost (D:10)
  3 wargs (Orc:2)
  14 porcupines
  5 hell hounds (Spider:2)
  16 orc warriors
  4 sky beasts
  8 water moccasins
  A black bear (shapeshifter) (D:10)
  6 black bears
  An eye of draining (D:15)
  13 ice beasts
  A necrophage (D:12)
  23 ogres
  8 centaurs
  3 phantoms
  4 boggarts (Lair:6)
  A crocodile (shapeshifter) (D:14)
  42 wolves
  13 crocodiles
  6 big kobolds
  16 bullfrogs
  5 small abominations (D:15)
  A wyvern zombie (D:9)
  4 scorpions
  3 killer bees
  2 howler monkeys
  9 electric eels
  4 crimson imps
  8 jellies
  2 hounds
  4 bullfrog skeletons
  2 centaur skeletons (D:12)
  12 orc priests
  2 iguanas
  10 worker ants
  24 orc wizards
  5 hell rats (Lair:1)
  A hound zombie (D:11)
  A hound skeleton (D:2)
  10 adders
  16 river rats (Lair:1)
  4 shadow imps
  2 oozes (D:4)
  An adder skeleton (D:6)
  An adder zombie (D:6)
  2 worms
  2 dart slugs (D:1)
  6 leopard geckos
  68 orcs
  5 bats
  10 giant cockroaches
  13 goblins
  11 hobgoblins
  7 jackals
  32 kobolds
  9 quokkas
  A ball python (D:2)
  8 frilled lizards
  A jackal zombie (D:6)
  A leopard gecko skeleton (D:5)
  A quokka skeleton (D:4)
  17 rats
  3 fungi
  2 plants
1015 creatures vanquished.

Vanquished Creatures (collateral kills)
  Nikola (Shoals:1)
  Donald (Shoals:1)
  A death yak (Lair:5)
  A tengu warrior (D:14)
  A sea snake (Shoals:3)
  A large abomination (D:15)
  A faun (Shoals:3)
  A merfolk siren (Shoals:1)
  2 hornets
  A centaur skeleton (D:12)
  3 merfolk
  2 polar bears (IceCv)
  6 yaks
  A wraith (Shoals:1)
  A water elemental (Shoals:3)
  An ogre (D:6)
  2 small abominations (D:15)
  2 jellies (D:4)
  5 oozes (D:4)
  An orc (D:10)
  A fungus (D:4)
36 creatures vanquished.

Vanquished Creatures (others)
  A merfolk aquamancer (Shoals:4)
  2 satyrs
  2 sea snakes (Shoals:1)
  A manticore (Shoals:1)
  A cyclops (Shoals:4)
  A jumping spider (Spider:4)
  2 merfolk (Shoals:4)
  A snapping turtle (Shoals:1)
  A redback (Spider:4)
  A large abomination (D:15)
  A steam dragon (D:7)
  A porcupine (D:8)
  An orc warrior (D:10)
  3 centaurs
  An orc (D:7)
  4 bushes (Shoals:3)
  13 fungi
  11 plants
  9 toadstools (D:4)
57 creatures vanquished.

Grand Total: 1108 creatures vanquished

Notes
Turn   | Place    | Note
-------+----------+-------------------------------------------
     0 | D:1      | Maedhros the Octopode Chaos Knight began the quest for the
                  | Orb.
     0 | D:1      | Reached XP level 1. HP: 16/16 MP: 1/1
    81 | D:1      | XOM: silly message
    93 | D:1      | Reached XP level 2. HP: 17/21 MP: 2/2
   299 | D:1      | Reached XP level 3. HP: 26/26 MP: 3/3
   335 | D:1      | XOM: divination: detect creatures
   734 | D:1      | XOM: divination: magic mapping
  1028 | D:2      | XOM: divination: magic mapping
  1201 | D:2      | Reached XP level 4. HP: 24/31 MP: 4/4
  1220 | D:2      | Reached skill level 5 in Polearms
  1294 | D:2      | Noticed Sigmund
  1300 | D:2      | Killed Sigmund
  1300 | D:2      | Reached XP level 5. HP: 29/36 MP: 5/5
  1300 | D:2      | Reached XP level 6. HP: 34/42 MP: 6/6
  1328 | D:2      | Found a radiant altar of Vehumet.
  1562 | D:3      | XOM: noise
  1595 | D:3      | XOM: 1-stop teleportation journey
  1596 | D:3      | Found a transporter.
  1609 | D:3      | Found a transporter.
  1809 | D:3      | XOM: silly message
  1811 | D:3      | Found a shimmering altar of Xom.
  1811 | D:3      | Found a basalt altar of Yredelemnul.
  1814 | D:3      | Found an ancient bone altar of Kikubaaqudgha.
  2298 | D:3      | XOM: noise
  2482 | D:3      | XOM: divination: detect items
  2564 | D:4      | Found a staircase to the Ecumenical Temple.
  2587 | Temple   | Entered the Ecumenical Temple
  2824 | D:4      | Reached XP level 7. HP: 46/46 MP: 7/7
  2911 | D:4      | Found Xiqaiplu's Antique Weapon Boutique.
  3945 | D:3      | XOM: give mutations
  3945 | D:3      | Gained mutation: You are clumsy. (Dex -2) [Xom's mischief]
  3945 | D:3      | Gained mutation: You are frail. (-10% HP) [Xom's mischief]
  4464 | D:3      | XOM: give mutations
  4464 | D:3      | Gained mutation: Your spells are a little easier to cast,
                  | but a little less powerful. [Xom's mischief]
  4464 | D:3      | Lost mutation: You are clumsy. (Dex -2) [Xom's mischief]
  4464 | D:3      | Gained mutation: Your magical capacity is low. (-10% MP)
                  | [Xom's mischief]
  4464 | D:3      | Gained mutation: You are partially covered in rugged brown
                  | scales. (AC +1, +3% HP) [Xom's mischief]
  5317 | D:3      | XOM: torment (22/42 hp)
  5568 | D:3      | XOM: give mutation
  5568 | D:3      | Gained mutation: You are resistant to hostile enchantments.
                  | (MR+) [Xom's mischief]
  5601 | D:3      | XOM: summons 4 hostile demons
  5602 | D:3      | Noticed a smoke demon
  5602 | D:3      | Noticed a red devil
  5663 | D:4      | XOM is BORED!
  5663 | D:4      | XOM: summons 4 hostile demons
  5664 | D:4      | Noticed a hellwing
  5948 | D:3      | XOM: give mutations
  5948 | D:3      | Gained mutation: You are weak. (Str -2) [Xom's mischief]
  5948 | D:3      | Gained mutation: Your magical capacity is very low. (-20%
                  | MP) [Xom's mischief]
  5948 | D:3      | Gained mutation: You are clumsy. (Dex -2) [Xom's mischief]
  5948 | D:3      | Lost mutation: You are frail. (-10% HP) [Xom's mischief]
  6287 | D:3      | XOM: god gift: ration
  6733 | D:3      | XOM: god gift: ring mail {god gift}
  7493 | D:3      | XOM is BORED!
  7493 | D:3      | XOM: give mutations
  7493 | D:3      | Lost mutation: Your spells are a little easier to cast, but
                  | a little less powerful. [Xom's mischief]
  7493 | D:3      | Gained mutation: Your body sometimes deteriorates upon
                  | taking damage. [Xom's mischief]
  7493 | D:3      | Gained mutation: Your magical capacity is extremely low.
                  | (-30% MP) [Xom's mischief]
  7493 | D:3      | Lost mutation: You are weak. (Str -2) [Xom's mischief]
  7946 | D:3      | XOM: god gift: weird smoking staff {god gift}
 10496 | D:3      | XOM: noise
 10912 | D:3      | XOM is BORED!
 11148 | D:3      | XOM: divination: detect creatures
 11416 | D:3      | XOM: give mutations
 11416 | D:3      | Lost mutation: You are clumsy. (Dex -2) [Xom's grace]
 11416 | D:3      | Gained mutation: You possess an exceptional clarity of
                  | mind. [Xom's grace]
 11416 | D:3      | Gained mutation: You have a pair of small antennae on your
                  | head. [Xom's grace]
 11593 | D:4      | XOM: scenery: 1 doors open
 11894 | D:3      | XOM: scenery: create altars
 12386 | D:4      | HP: 2/47 [something (8)]
 12490 | D:4      | XOM: give mutations
 12490 | D:4      | Gained mutation: You are covered in fur. (AC +1) [Xom's
                  | grace]
 12490 | D:4      | Gained mutation: You are agile. (Dex +2) [Xom's grace]
 12731 | D:4      | XOM: summons friendly rust devil
 12773 | D:4      | Lost mutation: You have a pair of small antennae on your
                  | head. [potion of mutation]
 12773 | D:4      | Lost mutation: Your body sometimes deteriorates upon taking
                  | damage. [potion of mutation]
 12773 | D:4      | Lost mutation: You are resistant to hostile enchantments.
                  | (MR+) [potion of mutation]
 12773 | D:4      | Gained mutation: You passively map a small area around you.
                  | [potion of mutation]
 12917 | D:4      | XOM: scenery: 1 doors close
 13042 | D:4      | XOM: confuse monster(s)
 13173 | D:4      | XOM: divination: magic mapping
 13225 | D:5      | Entered Level 5 of the Dungeon
 13294 | D:5      | XOM: scenery: create altars
 13297 | D:5      | XOM: scenery: create altars
 13312 | D:5      | XOM: divination: detect creatures
 13483 | D:5      | Found a sacrificial altar of Ru.
 13700 | D:5      | XOM: god gift: 16 arrows
 13827 | D:5      | XOM: silly message
 13834 | D:5      | XOM: god gift: lumpy grey potion {god gift}
 13883 | D:5      | XOM: silly message
 14074 | D:6      | XOM: summons friendly quasit
 14168 | D:6      | Reached XP level 8. HP: 25/53 MP: 5/5
 14375 | D:6      | XOM: butterfly on damage
 14559 | D:6      | XOM: butterfly on damage
 14566 | D:6      | XOM: potion effect (invisibility)
 14578 | D:6      | XOM: enchant monster (good)
 14679 | D:6      | Found a stormy altar of Qazlal.
 14686 | D:6      | XOM: enchant monster (good)
 14713 | D:6      | Noticed a glowing shapeshifter
 14713 | D:6      | an ice beast changed into a glowing shapeshifter
 14714 | D:6      | Noticed a moth of wrath
 14717 | D:6      | Noticed a glowing shapeshifter
 14717 | D:6      | a moth of wrath changed into a glowing shapeshifter
 14717 | D:6      | XOM: polymorph moth of wrath -> glowing shapeshifter
 14717 | D:6      | Noticed a dream sheep
 14717 | D:6      | a glowing shapeshifter changed into a dream sheep
 14718 | D:6      | XOM: summons friendly white imp
 14718 | D:6      | Noticed a salamander
 14718 | D:6      | a dream sheep changed into a salamander
 14719 | D:6      | a salamander changed into a floating eye
 14721 | D:6      | Noticed a two-headed ogre
 14721 | D:6      | a floating eye changed into a two-headed ogre
 14722 | D:6      | Noticed a great orb of eyes
 14722 | D:6      | a two-headed ogre changed into a great orb of eyes
 14724 | D:6      | Noticed a seven-headed hydra
 14724 | D:6      | a great orb of eyes changed into a seven-headed hydra
 14727 | D:6      | Noticed a storm dragon
 14727 | D:6      | a seven-headed hydra changed into a storm dragon
 14731 | D:6      | XOM: cast spell 'Monstrous Menagerie'
 14731 | D:6      | Noticed a quicksilver dragon
 14731 | D:6      | a storm dragon changed into a quicksilver dragon
 14906 | D:6      | Found a glowing golden altar of the Shining One.
 14914 | D:6      | XOM: enchant monster (bad)
 15043 | D:6      | Reached skill level 10 in Polearms
 15096 | D:6      | XOM: butterfly on damage
 15427 | D:7      | Reached skill level 1 in Stealth
 15427 | D:7      | Reached skill level 1 in Evocations
 15432 | D:7      | XOM: potion effect (might)
 15478 | D:7      | Found Sigir's Assorted Antiques.
 15564 | D:7      | XOM: scenery: create altars
 15578 | D:7      | Identified Xom's Catalogue of the Eternal Fruit (Xom gifted
                  | it to you on level 7 of the Dungeon)
 15578 | D:7      | XOM: god gift: Xom's Catalogue of the Eternal Fruit
 15735 | D:7      | Reached XP level 9. HP: 57/57 MP: 8/8
 15735 | D:7      | XOM: divine lightning
 15749 | D:7      | XOM: cloud trail
 15969 | D:7      | XOM: scenery: 4 doors open, 1 doors close
 16024 | D:7      | Noticed Maggie
 16031 | D:7      | XOM: summons 3 friendly demons
 16032 | D:7      | XOM: cleaving
 16053 | D:7      | Killed Maggie
 16053 | D:7      | Reached skill level 5 in Evocations
 16144 | D:7      | Reached skill level 5 in Stealth
 16150 | D:7      | Noticed Menkaure
 16153 | D:7      | Killed Menkaure
 16482 | D:8      | You fall into a shaft and drop 1 floor!
 16494 | D:9      | Noticed a two-headed ogre
 16543 | D:8      | Found a staircase to the Lair.
 16543 | D:8      | XOM: 1-stop teleportation journey
 16574 | D:8      | XOM: give mutations
 16574 | D:8      | Gained mutation: You are partially covered in large bone
                  | plates. (SH +4) [Xom's grace]
 16574 | D:8      | Gained mutation: Your natural rate of healing is unusually
                  | fast. [Xom's grace]
 16574 | D:8      | Gained mutation: One of your tentacles bears a spike.
                  | [Xom's grace]
 16676 | D:8      | XOM: summons friendly quasit
 16681 | D:8      | XOM: butterfly on damage
 16681 | D:8      | XOM: smoke on damage
 16716 | D:8      | Found Kumosufapp's General Store.
 16716 | D:8      | XOM: 3-stop teleportation journey
 16725 | D:8      | Bought a potion of lignification for 48 gold pieces
 16783 | D:8      | XOM: give mutation
 16783 | D:8      | Gained mutation: You have a pair of small antennae on your
                  | head. [Xom's grace]
 16814 | D:8      | XOM: silly message
 16821 | D:8      | XOM: potion effect (might)
 16847 | D:8      | XOM: potion effect (curing)
 16905 | D:8      | Reached XP level 10. HP: 33/64 MP: 11/11
 16927 | D:8      | XOM: silly message
 17054 | D:8      | XOM: torment (33/64 hp)
 17072 | D:8      | XOM: confuse monster(s)
 17164 | D:9      | Found Warraz's Weapon Shoppe.
 17177 | D:9      | XOM: divination: detect items
 17199 | D:9      | Killed a two-headed ogre
 17245 | D:9      | XOM: confuse monster(s)
 17247 | D:9      | Reached skill level 5 in Fighting
 17272 | D:9      | Reached skill level 5 in Dodging
 17272 | D:9      | XOM: enchant monster (bad)
 17558 | D:9      | XOM: cleaving
 17827 | D:10     | Entered Level 10 of the Dungeon
 17894 | D:10     | XOM: smoke on damage
 17895 | D:10     | Reached XP level 11. HP: 11/76 MP: 12/12
 18051 | D:10     | Noticed Harold
 18056 | D:10     | XOM: chaos upgrade
 18074 | D:10     | Killed Harold
 18083 | D:10     | Noticed a two-headed ogre
 18091 | D:10     | Killed a two-headed ogre
 18113 | D:10     | XOM: summons 1 hostile shadow creature
 18629 | D:10     | XOM: polymorph orc warrior -> wolf
 18705 | D:10     | Found a staircase to the Orcish Mines.
 18924 | D:11     | XOM: polymorph orc warrior -> ice beast
 19034 | D:11     | Paralysed by a hornet for 3 turns
 19202 | D:11     | XOM: silly message
 19473 | D:11     | XOM: silly message
 19475 | D:11     | XOM: divination: detect items
 19563 | D:12     | XOM: confuse monster(s)
 19567 | D:12     | XOM: divination: detect items
 19576 | D:12     | XOM: noise
 19608 | D:12     | Killed an unseen horror
 19655 | D:12     | XOM: noise
 19692 | D:12     | XOM: potion effect (invisibility)
 19695 | D:12     | XOM: silly message
 19718 | D:12     | Reached skill level 1 in Shields
 19735 | D:12     | XOM: cast spell 'Disjunction'
 19764 | D:12     | Killed an unseen horror
 19764 | D:12     | Reached XP level 12. HP: 26/89 MP: 12/12
 19810 | D:12     | XOM: god gift: pair of boots {god gift}
 19837 | D:12     | Found a glowing golden altar of the Shining One.
 19977 | D:12     | XOM: enchant monster (good)
 19999 | D:12     | Noticed a five-headed hydra
 20012 | D:12     | XOM: blink monster(s)
 20021 | D:12     | XOM: summons friendly ufetubus
 20048 | D:12     | Killed a five-headed hydra
 20048 | D:12     | Reached skill level 10 in Fighting
 20069 | D:12     | XOM: chaos cloud
 20187 | D:12     | Reached skill level 10 in Dodging
 20338 | D:12     | XOM: stat loss: -1 Str (12/13)
 20990 | D:13     | Noticed a two-headed ogre
 20994 | D:13     | XOM: scenery: create altars
 21013 | D:13     | Killed a two-headed ogre
 21129 | D:13     | XOM: destruction
 21242 | D:13     | XOM: summons 2 hostile demons
 21663 | D:13     | XOM: god gift: 2 potions of flight
 21850 | D:14     | XOM: 5-stop teleportation journey
 22038 | D:14     | XOM: noise
 22077 | D:14     | Noticed a tengu warrior
 22079 | D:14     | XOM: cast spell 'Summon Ice Beast'
 22086 | D:14     | Killed a tengu warrior
 22086 | D:14     | Reached XP level 13. HP: 67/97 MP: 13/13
 22114 | D:14     | XOM: noise
 22169 | D:14     | XOM: noise
 22178 | D:14     | Reached skill level 5 in Shields
 22192 | D:14     | XOM: summons friendly white imp
 22197 | D:14     | XOM: enchant monster (bad)
 22267 | D:14     | XOM: noise
 22285 | D:14     | Found a gate to the Vaults.
 22399 | D:14     | XOM: summons 1 hostile demon
 22407 | D:14     | XOM: draining
 22493 | D:14     | XOM: summons 1 hostile demon
 22629 | D:15     | Entered Level 15 of the Dungeon
 22797 | D:15     | XOM: god gift: 52 gold pieces
 22840 | D:15     | XOM: confuse monster(s)
 22845 | D:15     | XOM: fake destruction
 22855 | D:15     | XOM: polymorph green ugly thing -> cyan ugly thing
 22923 | D:15     | XOM: polymorph tengu conjurer -> wind drake
 22925 | D:15     | XOM: fake destruction
 23021 | D:15     | Found a staircase to the Depths.
 23021 | D:15     | Noticed a yaktaur captain
 23024 | D:15     | XOM: enchant monster (good)
 23028 | D:15     | Killed a yaktaur captain
 23072 | D:15     | XOM: silly message
 23099 | D:15     | XOM: scenery: 1 doors close
 23142 | D:15     | XOM: divination: magic mapping
 23307 | D:15     | Reached XP level 14. HP: 109/109 MP: 14/14
 23316 | D:15     | XOM: polymorph small abomination -> small abomination
 23323 | D:15     | XOM: scenery: 1 doors close
 23324 | D:15     | XOM: summons 2 friendly demons
 23325 | D:15     | XOM: enchant monster (good)
 23326 | D:15     | XOM: cast spell 'Cause Fear'
 23330 | D:15     | XOM: cast spell 'Death Channel'
 23372 | D:15     | XOM: divination: magic mapping
 23584 | D:15     | Got a heavily runed glass ring
 23730 | D:15     | XOM: give mutations
 23730 | D:15     | Gained mutation: You are resistant to hostile enchantments.
                  | (MR+) [Xom's grace]
 23730 | D:15     | Gained mutation: You have a pair of antennae on your head.
                  | [Xom's grace]
 23730 | D:15     | Gained mutation: You are very agile. (Dex +4) [Xom's grace]
 23826 | D:14     | XOM: god gift: book of Unlife
 23929 | Orc:1    | Entered Level 1 of the Orcish Mines
 23939 | Orc:1    | XOM: cleaving
 23951 | Orc:1    | XOM: confuse monster(s)
 23954 | Orc:1    | Reached skill level 1 in Spellcasting
 24061 | Orc:1    | XOM: 1-stop teleportation journey
 24099 | Orc:1    | Found an iron altar of Okawaru.
 24112 | Orc:1    | Noticed Snorg
 24128 | Orc:1    | Killed Snorg
 24244 | Orc:1    | XOM: 3-stop teleportation journey
 24300 | Orc:2    | Entered Level 2 of the Orcish Mines
 24300 | Orc:2    | Noticed Nessos
 24311 | Orc:1    | Learned a level 7 spell: Malign Gateway
 24323 | Orc:2    | Noticed Nessos
 24323 | Orc:2    | Nessos changed into Nessos the lindwurm
 24336 | Orc:1    | Killed Nessos the lindwurm
 24408 | Orc:2    | Found Fuun's Magic Scroll Boutique.
 24408 | Orc:2    | Found Vousarah's Armour Emporium.
 24408 | Orc:2    | XOM: 3-stop teleportation journey
 24413 | Orc:2    | Found Raracw's Book Shop.
 24413 | Orc:2    | Found Xouxkevu's Book Shop.
 24415 | Orc:2    | Reached skill level 1 in Summonings
 24415 | Orc:2    | Reached skill level 1 in Translocations
 24479 | Orc:2    | Noticed Saint Roka
 24605 | Orc:2    | XOM: blink monster(s)
 24680 | Orc:2    | Found a staircase to the Elven Halls.
 24788 | Orc:2    | XOM: enchant monster (good)
 24799 | Orc:2    | XOM: cast spell 'Summon Small Mammal'
 24817 | Orc:2    | Killed Saint Roka
 24817 | Orc:2    | Reached skill level 5 in Spellcasting
 24899 | Orc:2    | XOM: 9-stop teleportation journey
 24953 | Orc:2    | Bought the +3 warlock's mirror {reflect} for 600 gold
                  | pieces
 24953 | Orc:2    | Found the +3 warlock's mirror {reflect}
 24974 | Orc:2    | Bought a scroll of blinking for 112 gold pieces
 24974 | Orc:2    | Bought a scroll of fog for 30 gold pieces
 24974 | Orc:2    | Bought a scroll of enchant weapon for 112 gold pieces
 24974 | Orc:2    | Bought a scroll of enchant weapon for 112 gold pieces
 25414 | Lair:1   | Entered Level 1 of the Lair of Beasts
 25453 | Lair:1   | XOM: noise
 25469 | Lair:1   | Reached XP level 15. HP: 95/114 MP: 16/16
 25517 | Lair:1   | XOM: god gift: potion of might
 25602 | Lair:1   | Noticed Grum
 25618 | Lair:1   | Killed Grum
 25693 | Lair:1   | Reached skill level 5 in Summonings
 25792 | Lair:1   | XOM: summons friendly shadow imp
 25795 | Lair:1   | Reached skill level 5 in Translocations
 26100 | D:8      | XOM: scenery: 1 doors close
 26126 | D:8      | XOM: scenery: 1 doors open
 26420 | D:8      | XOM: scenery: 1 doors close
 26623 | D:8      | XOM: 5-stop teleportation journey
 27153 | D:8      | XOM: scenery: 1 doors open, 1 doors close
 27169 | D:8      | XOM: give mutation
 27169 | D:8      | Lost mutation: You are partially covered in rugged brown
                  | scales. (AC +1, +3% HP) [Xom's mischief]
 27265 | Lair:1   | XOM: polymorph spiny frog -> polar bear
 27266 | Lair:1   | Identified the ring "Yxob" {rElec rPois MR+ Dex+4} (You
                  | found it on level 15 of the Dungeon)
 27969 | Lair:2   | XOM is BORED!
 28137 | Lair:2   | XOM: summons 8 hostile demons
 28138 | Lair:2   | XOM: give mutation
 28138 | Lair:2   | Lost mutation: Your magical capacity is extremely low.
                  | (-30% MP) [Xom's mischief]
 28217 | Lair:2   | Found a runed translucent door.
 28217 | Lair:2   | Noticed Oxowysi's ghost (journeyman DgAE)
 28806 | Lair:1   | XOM: god gift: book of Party Tricks
 29156 | Lair:1   | Learned a level 5 spell: Alistair's Intoxication
 29162 | Lair:1   | Learned a level 5 spell: Borgnjor's Vile Clutch
 29164 | Lair:1   | Learned a level 1 spell: Apportation
 29197 | Lair:1   | XOM: cloud trail
 29499 | Lair:1   | XOM: give mutations
 29499 | Lair:1   | Gained mutation: One of your tentacles bears a nasty spike.
                  | [Xom's grace]
 29499 | Lair:1   | Gained mutation: Your spells are a little harder to cast,
                  | but a little more powerful. [Xom's grace]
 29499 | Lair:1   | Gained mutation: You evolve. [Xom's grace]
 29771 | Lair:1   | XOM: torment (57/111 hp)
 29800 | Lair:1   | XOM: cloud trail
 30003 | Lair:3   | XOM: summons 5 hostile demons
 30026 | Lair:3   | XOM: give mutations
 30026 | Lair:3   | Gained mutation: You can translocate small distances at
                  | will. [Xom's grace]
 30026 | Lair:3   | Gained mutation: Your flesh is heat resistant. (rF+) [Xom's
                  | grace]
 30026 | Lair:3   | Gained mutation: Your muscles are strong. (Str +2) [Xom's
                  | grace]
 30130 | Lair:3   | XOM: snakes to sticks
 30297 | Lair:3   | Found a staircase to the Shoals.
 30462 | Lair:3   | XOM: give mutations
 30462 | Lair:3   | Lost mutation: Your magical capacity is very low. (-20% MP)
                  | [Xom's mischief]
 30462 | Lair:3   | Lost mutation: You have a pair of antennae on your head.
                  | [Xom's mischief]
 30559 | Lair:4   | XOM: summons 6 hostile demons
 30592 | Lair:4   | XOM: 1-stop teleportation journey
 30615 | Lair:4   | Learned a level 5 spell: Summon Forest
 30786 | Lair:4   | XOM: enchant monster (bad)
 30797 | Lair:4   | XOM: summons 3 hostile demons
 30809 | Lair:4   | XOM: polymorph shadow imp -> crimson imp
 30833 | Lair:4   | Found a frozen archway.
 30891 | IceCv    | Entered an ice cave
 30919 | IceCv    | XOM: swap monsters
 30966 | IceCv    | XOM: enchant monster (bad)
 31239 | IceCv    | XOM: noise
 31257 | IceCv    | XOM: scenery: create altars
 31327 | IceCv    | Noticed a frost giant
 31330 | IceCv    | XOM: butterfly on damage
 31405 | IceCv    | Identified the ring of Egomania {Ice rPois MR+}
 31411 | IceCv    | Killed a frost giant
 31695 | IceCv    | XOM: cloud trail
 31856 | IceCv    | XOM: 3-stop teleportation journey
 32063 | IceCv    | XOM: give mutations
 32063 | IceCv    | Gained mutation: You are mostly covered in large bone
                  | plates. (SH +6) [Xom's grace]
 32063 | IceCv    | Gained mutation: One of your tentacles bears a large
                  | vicious spike. [Xom's grace]
 32063 | IceCv    | Gained mutation: You are highly resistant to hostile
                  | enchantments. (MR++) [Xom's grace]
 32063 | IceCv    | Gained mutation: You have a pair of antennae on your head.
                  | [Xom's grace]
 32216 | Lair:4   | XOM: fake destruction
 32301 | Lair:4   | Found a hole to the Spider Nest.
 32638 | Lair:5   | XOM: confuse monster(s)
 32649 | Lair:5   | XOM: 1-stop teleportation journey
 32734 | Lair:5   | XOM: give mutations
 32734 | Lair:5   | Lost mutation: Your magical capacity is low. (-10% MP)
                  | [Xom's mischief]
 32734 | Lair:5   | Lost mutation: You are covered in fur. (AC +1) [Xom's
                  | mischief]
 32778 | Lair:5   | XOM: give mutation
 32778 | Lair:5   | Lost mutation: You have a pair of antennae on your head.
                  | [Xom's mischief]
 32867 | Lair:5   | XOM: fog
 32872 | Lair:5   | XOM: confuse monster(s)
 32879 | Lair:5   | Reached XP level 16. HP: 117/117 MP: 26/26
 32880 | Lair:5   | XOM: summons friendly quasit
 32899 | Lair:5   | XOM: polymorph quasit -> shadow imp
 32980 | Lair:5   | XOM: give mutations
 32980 | Lair:5   | Lost mutation: Your flesh is heat resistant. (rF+) [Xom's
                  | mischief]
 32980 | Lair:5   | Lost mutation: Your muscles are strong. (Str +2) [Xom's
                  | mischief]
 32980 | Lair:5   | Lost mutation: You are very agile. (Dex +4) [Xom's
                  | mischief]
 33162 | Lair:5   | XOM: cloud trail
 33214 | Lair:5   | Found a viscous altar of Jiyva.
 33215 | Lair:5   | Found a staircase to the Slime Pits.
 33446 | Lair:6   | XOM: stealth player
 33446 | Lair:6   | Entered Level 6 of the Lair of Beasts
 33540 | Lair:6   | Lost mutation: You passively map a small area around you.
                  | [evolution]
 33540 | Lair:6   | Lost mutation: You evolve. [end of evolution]
 33769 | Lair:6   | XOM: blink monster(s)
 33827 | Lair:6   | XOM: cast spell 'Summon Small Mammal'
 33851 | Lair:6   | XOM: potion effect (curing)
 34002 | Lair:6   | XOM: cast spell 'Summon Small Mammal'
 34004 | Lair:6   | XOM: polymorph bat -> orc
 34520 | Lair:6   | XOM: divination: detect creatures
 34715 | Lair:6   | XOM: scenery: create altars
 34776 | Spider:1 | Entered Level 1 of the Spider Nest
 34886 | Lair:4   | XOM: god gift: book of Changes
 36038 | Lair:4   | XOM: give mutations
 36038 | Lair:4   | Lost mutation: You are mostly covered in large bone plates.
                  | (SH +6) [Xom's mischief]
 36038 | Lair:4   | Lost mutation: You are highly resistant to hostile
                  | enchantments. (MR++) [Xom's mischief]
 36057 | Lair:4   | XOM: silly message
 36380 | Lair:4   | XOM: scenery: 1 doors open
 36433 | Lair:4   | XOM: cloud trail
 36581 | Lair:4   | XOM is BORED!
 36581 | Lair:4   | XOM: noise
 36683 | Lair:4   | XOM: god gift: 20 sling bullets
 37546 | Lair:4   | XOM: god gift: leather armour {god gift}
 37602 | Lair:4   | XOM is BORED!
 37602 | Lair:4   | XOM: stat loss: -3 Int (12/15)
 37612 | Lair:4   | XOM: god gift: scroll of immolation
 37993 | Lair:4   | XOM: scenery: 1 doors close
 38528 | Spider:1 | Reached skill level 10 in Summonings
 38531 | Spider:1 | Reached skill level 10 in Translocations
 38555 | Spider:1 | XOM: 1-stop teleportation journey
 38727 | Spider:1 | XOM: polymorph wolf spider -> queen ant
 39023 | Spider:1 | XOM: silly message
 39087 | Spider:1 | XOM: divination: magic mapping
 39091 | Spider:1 | XOM: cast spell 'Summon Ice Beast'
 39943 | Spider:2 | XOM: divination: detect creatures
 40008 | Spider:2 | XOM: cleaving
 40134 | Spider:2 | Noticed Azrael
 40136 | Spider:2 | XOM: butterfly on damage
 40143 | Spider:2 | Killed Azrael
 40985 | Spider:2 | XOM: god gift: curved jewelled staff {god gift}
 41189 | Spider:2 | XOM: scenery: create altars
 42295 | Spider:2 | XOM: cloud trail
 42487 | Spider:2 | XOM: silly message
 42675 | Spider:2 | XOM: god gift: 2 tins of tremorstones
 43120 | Spider:3 | XOM: swap monsters
 43416 | Spider:3 | XOM: 2-stop teleportation journey
 43442 | Spider:3 | XOM: polymorph emperor scorpion -> emperor scorpion
 43442 | Spider:3 | Noticed a storm dragon
 43442 | Spider:3 | an emperor scorpion changed into a storm dragon
 43449 | Spider:3 | XOM: noise
 43455 | Spider:3 | XOM: smoke on damage
 43466 | Spider:3 | Killed a storm dragon
 43707 | Spider:4 | Entered Level 4 of the Spider Nest
 43709 | Spider:4 | Reached XP level 17. HP: 123/123 MP: 29/29
 43728 | Spider:4 | XOM: chaos cloud
 43772 | Spider:4 | Paralysed by a hornet for 3 turns
 43912 | Spider:4 | XOM: enchant monster (bad)
 43917 | Spider:4 | XOM: swap monsters
 43932 | Spider:4 | XOM: silly message
 44278 | Shoals:1 | Entered Level 1 of the Shoals
 44280 | Shoals:1 | XOM: snakes to sticks
 44286 | Shoals:1 | Noticed Nikola
 44300 | Shoals:1 | XOM: cast spell 'Call Canine Familiar'
 44304 | Shoals:1 | Noticed Donald
 44310 | Shoals:1 | XOM: repel stairs
 44317 | Shoals:1 | Killed Donald
 44322 | Shoals:1 | Killed Nikola
 44326 | Shoals:1 | Noticed Josephine
 44330 | Shoals:1 | XOM: blink monster(s)
 44334 | Shoals:1 | XOM: silly message
 44343 | Shoals:1 | Killed Josephine
 44732 | Shoals:1 | Noticed Kirke
 44755 | Shoals:1 | Killed Kirke
 45344 | Shoals:2 | Noticed Louise
 45347 | Shoals:2 | Noticed Aizul
 45350 | Shoals:2 | XOM: cast spell 'Shadow Creatures'
 45359 | Shoals:2 | Killed Louise
 45383 | Shoals:2 | Killed Aizul
 45876 | Shoals:2 | XOM: silly message
 45912 | Shoals:2 | XOM: give mutation
 45912 | Shoals:2 | Gained mutation: Your flesh is heat resistant. (rF+) [Xom's
                  | grace]
 46167 | Shoals:3 | XOM: noise
 46171 | Shoals:3 | XOM: smoke on damage
 46176 | Shoals:3 | Noticed Ilsuiw
 46178 | Shoals:3 | XOM: summons 14 friendly demons
 46191 | Shoals:3 | Killed Ilsuiw
 46230 | Shoals:3 | Found Sejademp's Assorted Antiques.
 46282 | Shoals:3 | XOM: summons friendly white imp
 46356 | Shoals:3 | Found Usiderig's General Store.
 46365 | Shoals:3 | Bought a wand of iceblast (9) for 234 gold pieces
 46365 | Shoals:3 | Bought a scroll of enchant weapon for 135 gold pieces
 46365 | Shoals:3 | Bought 2 potions of curing for 108 gold pieces
 46639 | Shoals:3 | Noticed a kraken
 46714 | Shoals:4 | Entered Level 4 of the Shoals
 46805 | Shoals:4 | XOM: scenery: 1 doors open
 46813 | Shoals:4 | XOM: summons 4 friendly demons
 46819 | Shoals:4 | XOM: polymorph manticore -> elephant
 46821 | Shoals:4 | XOM: divine lightning
 46830 | Shoals:4 | XOM: summons friendly iron imp
 47029 | Shoals:4 | XOM: destruction
 47046 | Shoals:4 | XOM: noise
 47051 | Shoals:4 | Reached XP level 18. HP: 110/128 MP: 31/31
 47125 | Shoals:4 | XOM: noise
 47125 | Shoals:4 | HP: 1/128 [satyr/arrow (40)]
 47214 | Shoals:4 | XOM: god gift: short runed staff {god gift}
 47322 | Shoals:4 | XOM: silly message
 47340 | Shoals:4 | Reached skill level 10 in Spellcasting
 47441 | Shoals:4 | XOM: silly message
 47445 | Shoals:4 | XOM: polymorph sea snake -> death drake
 47622 | Shoals:4 | Noticed Polyphemus
 47630 | Shoals:4 | XOM: divine lightning
 47636 | Shoals:4 | Killed Polyphemus
 47656 | Shoals:4 | Hit by a silver javelin thrown by a merfolk javelineer

Levels and vault maps discovered:
D:1:      shiori_arrival_elements, layout_loops_corners
D:2:      layout_basic, vehumet_crystals, first_ration, minmay_tetromino_t4,
          uniq_sigmund
D:3:      gammafunk_wand_slinger, layout_loops_ring, grunt_temple_overflow_open,
          eino_tiny_chamber
D:4:      cheibrodos_fertilizer, layout_loops_corners, temple_fountains,
          serial_shops, shop
D:5:      layout_layer_cave, overflow_temple_1_default
D:6:      minmay_spotlight, layout_basic, tso_metal_star, grunt_qazlal_clouds
D:7:      layout_basic, serial_shops, shop_fountains, uniq_maggie, uniq_menkaure
D:8:      layout_gridville, due_lair_maze_entry_diamond, serial_shops, shop
D:9:      layout_loops_cross, serial_shops, shop
D:10:     layout_basic, david_orc_4, hangedman_fish_farm, uniq_harold
D:11:     layout_basic
D:12:     layout_cave_pods, serial_column_ruins, column_ruins_hut_pillars,
          column_ruins_square_large, column_ruins_open_tiny,
          column_ruins_corridor_corner, column_ruins_columns_straight,
          column_ruins_open_small, column_ruins_open_small,
          column_ruins_open_small, column_ruins_open_small_water, basic_altar
D:13:     layout_cave_pods
D:14:     layout_loops_ring, david_vaults_2, fungi_pond_lemuel
D:15:     grunt_enter_depths_snipers, layout_stronghold, minmay_misc_feat_alley,
          serial_column_ruins, column_ruins_hut, column_ruins_hut,
          column_ruins_columns_dead_end, column_ruins_open_large,
          column_ruins_corridor_straight, column_ruins_open_medium,
          column_ruins_open_tiny, chequers_serial_rivers_large_a, laboratory
Temple:   nicolae_temple_elliptical
Lair:1:   lemuel_ratsnest, layout_regular_city, minivault_27, st_stairs_6,
          serial_bayou_shore_b, minmay_lair_oklob_chamber, uniq_grum
Lair:2:   layout_chaotic_city, hellmonk_ghost_happy_afterlife
Lair:3:   layout_gridlike, elwin_shoals_entry_stream, serial_forest,
          infiniplex_forest_3_way, infiniplex_forest_3_way,
          infiniplex_forest_lined_1, infiniplex_forest_straight_5,
          infiniplex_forest_clump_medium, infiniplex_forest_corner_1,
          infiniplex_forest_straight_4, chequers_serial_rivers_micro_e,
          serial_bayou_lake_a
Lair:4:   layout_loops_ring, spider_nest_entry_rubble,
          portal_ice_cave_entry_ice_beasts, serial_bayou_shore_a,
          grunt_megastairs_4, serial_bayou_shore_b, lemuel_fruit_fields,
          serial_bayou_shore_b
Lair:5:   layout_roguey, dpeg_slime_entry_enclosed_altar, serial_bayou_ford_a,
          st_stairs_9, chequers_serial_rivers_marsh,
          kennysheep_catoblepas_arena, grunt_megastairs_1, lemuel_fruit_tree
Lair:6:   minmay_lair_end_enchanted_forest, layout_cave_pods
Shoals:1: layout_shoals, uniq_kirke, uniq_nikola, uniq_donald, uniq_josephine
Shoals:2: layout_shoals, nicolae_shoals_arrival_archipelago, uniq_aizul,
          uniq_louise
Shoals:3: argonaut_golden_fleece, layout_shoals, serial_shops,
          nicolae_shop_crystal, shop, nicolae_shop_waterfront, uniq_ilsuiw,
          uniq_jorgrun
Shoals:4: shoals_end_simple, layout_shoals, uniq_polyphemus
Spider:1: layout_spider_delve, hangedman_spider_mandibles
Spider:2: layout_chambers, uniq_azrael
Spider:3: layout_spider_delve
Spider:4: johnstein_spider_rune_arachne_lair
Orc:1:    layout_diamond_mine, okawaru_metal_pillars_1_2, uniq_snorg
Orc:2:    st_orc_open, layout_caves, uniq_saint_roka, uniq_nessos

Skill      XL: |  1  2  3  4  5  6  7  8  9 10 11 12 13 14 15 16 17 18 |
---------------+-------------------------------------------------------+-----
Polearms       | 4 6 7 9 10 | 10.5
Stealth        | 3 7 |  7.6
Evocations     | 3 8 |  8.3
Dodging        | 6 9 11 12 13 | 13.2
Fighting       | 6 9 11 13 | 13.3
Shields        | 1 4 6 8 |  8.3
Spellcasting   | 5 7 8 9 10 | 10.1
Summonings     | 4 8 11 13 | 13.5
Translocations | 4 8 11 13 | 13.5

Action                   |  1- 3 |  4- 6 |  7- 9 | 10-12 | 13-15 | 16-18 || total
-------------------------+-------+-------+-------+-------+-------+-------++-------
Melee: Spear             |   106 |   119 |   407 |   326 |       |       ||   958
       Constrict         |    23 |    20 |    50 |    76 |   139 |   191 ||   499
       Tentacles         |    13 |    21 |    67 |   178 |   351 |   342 ||   972
       Kick              |       |       |    21 |   234 |   511 |   513 ||  1279
       Trident           |       |       |       |   418 |  1289 |  1308 ||  3015
 Abil: Blink             |       |       |       |       |       |     1 ||     1
Evoke: Wand              |       |       |    11 |    24 |    31 |    31 ||    97
  Use: Scroll            |       |     1 |     5 |     7 |    13 |    17 ||    43
       Potion            |       |       |     7 |     3 |    10 |    14 ||    34
 Stab: Sleeping          |    12 |     6 |    12 |    31 |    35 |    32 ||   128
       Petrified         |       |     2 |       |    17 |       |       ||    19
       Distracted        |       |     2 |     2 |     6 |     6 |    10 ||    26
       Paralysed         |       |     1 |     4 |    10 |    16 |     7 ||    38
       Confused          |       |       |     5 |     2 |    14 |     5 ||    26
       Invisible         |       |       |     2 |    17 |       |       ||    19
       Petrifying        |       |       |     1 |     2 |       |       ||     3
  Eat: Chunk             |       |     5 |    13 |    16 |    16 |    18 ||    68
       Ration            |       |       |     9 |       |     6 |     9 ||    24
Armor: Skin              |     6 |     3 |    24 |    49 |    51 |    63 ||   196
Dodge: Dodged            |    41 |    24 |   104 |   263 |   557 |   862 ||  1851
Block: Other             |       |       |     7 |    34 |       |       ||    41
       Buckler           |       |       |       |    79 |   473 |   616 ||  1168
       Kite shield       |       |       |       |       |    57 |   409 ||   466
       Reflection        |       |       |       |       |     6 |    68 ||    74

Table legend:
 A = Non-vault XP
 B = Vault XP
 C = Vault XP percentage of total XP
 D = Non-vault monster count
 E = Vault monster count
 F = Vault count percentage of total count
                 A         B        C        D         E       F
            +---------+---------+-------+---------+---------+-------
      Total |  161738 |   99332 |  38.0 |     703 |     354 |  33.5
            +---------+---------+-------+---------+---------+-------
        D:1 |      55 |       0 |   0.0 |      30 |       0 |   0.0
        D:2 |     123 |     244 |  66.5 |      32 |       4 |  11.1
        D:3 |      50 |      98 |  66.2 |      21 |       4 |  16.0
        D:4 |     384 |      92 |  19.3 |      15 |      17 |  53.1
        D:5 |      57 |       0 |   0.0 |       7 |       0 |   0.0
        D:6 |     655 |      91 |  12.2 |      16 |       4 |  20.0
        D:7 |     862 |     556 |  39.2 |      15 |       2 |  11.8
        D:8 |     355 |    1143 |  76.3 |      18 |       9 |  33.3
        D:9 |    3632 |       0 |   0.0 |      22 |       0 |   0.0
       D:10 |    2347 |    1697 |  42.0 |      18 |      20 |  52.6
       D:11 |    1775 |       0 |   0.0 |      15 |       0 |   0.0
       D:12 |    7756 |       0 |   0.0 |      33 |       0 |   0.0
       D:13 |    6676 |       0 |   0.0 |      44 |       0 |   0.0
       D:14 |   10915 |    1168 |   9.7 |      34 |       3 |   8.1
       D:15 |   12844 |    5048 |  28.2 |      46 |      15 |  24.6
     Lair:1 |    2149 |    1484 |  40.8 |      11 |      40 |  78.4
     Lair:2 |    4298 |       0 |   0.0 |      19 |       0 |   0.0
     Lair:3 |    2509 |    1365 |  35.2 |      20 |       4 |  16.7
     Lair:4 |   11711 |    1354 |  10.4 |      34 |      10 |  22.7
     Lair:5 |    3868 |    5721 |  59.7 |      10 |      10 |  50.0
     Lair:6 |   10952 |    8202 |  42.8 |      37 |      47 |  56.0
   Shoals:1 |   11470 |    9103 |  44.2 |      30 |      11 |  26.8
   Shoals:2 |   13075 |    2831 |  17.8 |      27 |       2 |   6.9
   Shoals:3 |    9299 |    3301 |  26.2 |      19 |       5 |  20.8
   Shoals:4 |   11852 |   13398 |  53.1 |      22 |      21 |  48.8
   Spider:1 |    9319 |       0 |   0.0 |      23 |       0 |   0.0
   Spider:2 |    9585 |    1973 |  17.1 |      25 |       6 |  19.4
   Spider:3 |    8883 |     785 |   8.1 |      25 |       3 |  10.7
   Spider:4 |     742 |    3940 |  84.2 |       3 |      11 |  78.6
      Orc:1 |    3070 |    1820 |  37.2 |      25 |       2 |   7.4
      Orc:2 |     470 |   21948 |  97.9 |       7 |      51 |  87.9
      IceCv |       0 |   11970 | 100.0 |       0 |      53 | 100.0
            +---------+---------+-------+---------+---------+-------
